 Dungeon Crawl Stone Soup version 0.23-a0-329-g6f3f904 (webtiles) character file.

407687 sking99 the Warrior (level 22, -1/247 (249) HPs)
             Began as a Troll Monk on Oct 16, 2018.
             Was the Champion of Ru.
             Slain by a stone giant (7 damage)
             ... summoned by the power of Zot
             ... on level 3 of the Depths.
             The game lasted 02:03:48 (48804 turns).

sking99 the Warrior (Troll Monk)                   Turns: 48804, Time: 02:03:49

HP:   -1/247 (249)  AC: 30    Str: 25    XL:     22   Next: 40%
MP:   0/21          EV:  1    Int:  6    God:    Ru [******]
Gold: 1471          SH:  0    Dex: 17    Spells: 20/21 levels left

rFire    + + .     SeeInvis .     - Unarmed
rCold    + + .     Gourm    +   C - +4 large shield
rNeg     + + +     Faith    .   O - +7 gold dragon scales
rPois    ∞         Spirit   +   U - +2 hat {MR+}
rElec    .         Reflect  .   I - scarf {rC+ rF+}
rCorr    .         Harm     .   (gloves unavailable)
MR       +++..                  (boots unavailable)
Stlth    ..........             p - amulet of guardian spirit
HPRegen  0.91/turn              r - +4 ring of slaying
MPRegen  0.17/turn              V - ring of protection from magic

@: petrified, studying Conjurations
A: large, unfitting armour, claws 3, clumsy 1, fast metabolism 3, gourmand,
regeneration 1, shaggy fur 1, tough skin 2, inability to drink while threatened,
no stealth, inability to use devices, inexperienced 1
}: 2/15 runes: decaying, serpentine
a: Draw Out Power, Power Leap, Apocalypse, Renounce Religion


You were on level 3 of the Depths.
You worshipped Ru.
Ru was exalted by your worship.
You were very full.

You visited 9 branches of the dungeon, and saw 43 of its levels.
You also visited: Ice Cave.

You collected 4629 gold pieces.
You spent 3158 gold pieces at shops.

Inventory:

Hand Weapons
 a - a +0 scimitar of flaming
Missiles
 E - 3 throwing nets (quivered)
 Y - 27 large rocks
Armour
 C - a +4 large shield (worn)
 I - a scarf of resistance (worn)
 M - a +2 cloak of poison resistance
 O - +7 gold dragon scales (worn)
 U - a +2 hat of magic resistance (worn)
Jewellery
 m - a +4 ring of dexterity
 p - an amulet of guardian spirit (around neck)
 r - a +4 ring of slaying (left claw)
 H - an uncursed ring of see invisible
 J - a +2 ring of protection
 R - an uncursed ring of magical power
 S - the ring "Yplickiam" {*Slow rC+++ AC+5 Str+7 Int-2}
   (You bought it in a shop on level 1 of the Snake Pit)

   [ring of protection]

   It affects your AC (+5).
   It affects your strength (+7).
   It affects your intelligence (-2).
   It renders you almost immune to cold.
   It may slow you when you take damage.
 V - a ring of protection from magic (right claw)
Scrolls
 c - 19 scrolls of teleportation
 d - 5 scrolls of fog
 f - 23 scrolls of remove curse
 g - 4 scrolls of amnesia
 n - 5 scrolls of blinking
 s - 6 scrolls of immolation
 v - 7 scrolls of magic mapping
 y - 2 scrolls of holy word
 z - 5 scrolls of identify
 B - 7 scrolls of fear
 F - 9 scrolls of enchant weapon
 G - 3 scrolls of brand weapon
 W - a scroll of silence
 X - a scroll of summoning
Potions
 h - 4 potions of ambrosia
 j - 10 potions of might
 k - 16 potions of curing
 l - a potion of resistance
 o - 4 potions of flight
 t - 11 potions of mutation
 u - 8 potions of agility
 w - 3 potions of magic
 x - 9 potions of brilliance
 A - 9 potions of haste
 D - 4 potions of berserk rage
 K - 7 potions of heal wounds
 L - 2 potions of invisibility
 N - 2 potions of cancellation
Books
 e - a manual of Conjurations
Comestibles
 b - 76 rations


   Skills:
 - Level 20.8 Fighting
 + Level 11.3 Armour
 - Level 11.8 Dodging
 - Level 16.0 Shields
 + Level 19.7 Unarmed Combat


You had 20 spell levels left.
You knew the following spells:

 Your Spells              Type           Power        Failure   Level  Hunger
a - Confusing Touch       Hex            #.....       100%        1    ##.....

Your spell library contained the following spells:

 Spells                   Type           Power        Failure   Level  Hunger
 Animate Skeleton         Necr           N/A          100%        1    ##.....
 Apportation              Tloc           #.....       100%        1    ##.....
 Beastly Appendage        Tmut           #.....       100%        1    ##.....
 Corona                   Hex            #......      100%        1    ##.....
 Magic Dart               Conj           #...         100%        1    ##.....
 Pain                     Necr           #...         100%        1    ##.....
 Shock                    Conj/Air       #...         100%        1    ##.....
 Summon Butterflies       Summ           #.......     100%        1    ##.....
 Summon Small Mammal      Summ           #...         100%        1    ##.....
 Blink                    Tloc           N/A          100%        2    ###....
 Call Imp                 Summ           #.......     100%        2    ###....
 Ensorcelled Hibernation  Hex/Ice        #.....       100%        2    ###....
 Passwall                 Tmut/Erth      #.......     100%        2    ###....
 Searing Ray              Conj           #.....       100%        2    ###....
 Shroud of Golubria       Chrm/Tloc      #.........   100%        2    ###....
 Slow                     Hex            #.......     100%        2    ###....
 Sticks to Snakes         Tmut           #.......     100%        2    ###....
 Swiftness                Chrm/Air       #.......     100%        2    ###....
 Call Canine Familiar     Summ           #.......     100%        3    ####...
 Confuse                  Hex            #.......     100%        3    ####...
 Conjure Flame            Conj/Fire      #.......     100%        3    ####...
 Dazzling Spray           Conj/Hex       #.....       100%        3    ####...
 Gell's Gravitas          Tloc           #.........   100%        3    ####...
 Inner Flame              Hex/Fire       #.......     100%        3    ####...
 Lesser Beckoning         Tloc           #.........   100%        3    ####...
 Mephitic Cloud           Conj/Pois/Air  #.......     100%        3    ####...
 Portal Projectile        Hex/Tloc       #.....       100%        3    ####...
 Spider Form              Tmut/Pois      #.........   100%        3    ####...
 Static Discharge         Conj/Air       #.......     100%        3    ####...
 Summon Guardian Golem    Hex/Summ       #.......     100%        3    ####...
 Tukima's Dance           Hex            #.......     100%        3    ####...
 Airstrike                Air            #.........   100%        4    #####..
 Cause Fear               Hex            #.........   100%        4    #####..
 Force Lance              Conj/Tloc      #.......     100%        4    #####..
 Fulminant Prism          Conj/Hex       #.........   100%        4    #####..
 Ice Form                 Ice/Tmut       #.......     100%        4    #####..
 Iskenderun's Mystic Bla  Conj           #.......     100%        4    #####..
 Leda's Liquefaction      Hex/Erth       #.........   100%        4    #####..
 Petrify                  Tmut/Erth      #.......     100%        4    #####..
 Summon Ice Beast         Ice/Summ       #.......     100%        4    #####..
 Summon Lightning Spire   Summ/Air       #.......     100%        4    #####..
 Alistair's Intoxication  Tmut/Pois      #.......     100%        5    ######.
 Blade Hands              Tmut           #.........   100%        5    ######.
 Bolt of Magma            Conj/Fire/Erth #.........   100%        5    ######.
 Iskenderun's Battlesphe  Conj/Chrm      #.......     100%        5    ######.
 Lightning Bolt           Conj/Air       #.........   100%        5    ######.
 Metabolic Englaciation   Hex/Ice        #.........   100%        5    ######.
 Silence                  Hex/Air        #.........   100%        5    ######.
 Venom Bolt               Conj/Pois      #.........   100%        5    ######.
 Yara's Violent Unravell  Hex/Tmut       #.........   100%        5    ######.
 Bolt of Cold             Conj/Ice       #.........   100%        6    #######
 Darkness                 Hex            #.........   100%        6    #######
 Death Channel            Necr           #.........   100%        6    #######
 Deflect Missiles         Chrm/Air       #.........   100%        6    #######
 Freezing Cloud           Conj/Ice/Air   #.........   100%        6    #######
 Invisibility             Hex            #.......     100%        6    #######
 Iron Shot                Conj/Erth      #.........   100%        6    #######
 Ozocubu's Refrigeration  Ice            #.........   100%        6    #######
 Simulacrum               Ice/Necr       #.........   100%        6    #######
 Statue Form              Tmut/Erth      #........    100%        6    #######
 Orb of Destruction       Conj           #.........   100%        7    #######
 Spellforged Servitor     Conj/Summ      #.........   100%        7    #######
 Discord                  Hex            #.........   100%        8    #######
 Disjunction              Tloc           #.........   100%        8    #######


Dungeon Overview and Level Annotations

Branches:
Dungeon (15/15)            Temple (1/1) D:7            Lair (6/6) D:11
  Swamp (4/4) Lair:4        Snake (4/4) Lair:2        Slime (0/5) Lair:5
    Orc (2/2) D:9             Elf (3/3) Orc:2        Vaults (5/5) D:14
  Crypt (0/3) Vaults:2     Depths (3/5) D:15

Altars:
Ashenzari
Cheibriados
Dithmenos
Elyvilon
Fedhas
Gozag
Hepliaklqana
Kikubaaqudgha
Makhleb
Nemelex Xobeh
Okawaru
Qazlal
Ru
Sif Muna
Trog
Uskayaw
Vehumet
Wu Jian
Xom
Yredelemnul
Zin
The Shining One
Beogh
Jiyva

Shops:
Orc:1 %   Orc:2 =([*   Elf:2 =[*=   Snake:1 =?:   Vaults:3 :

Portals:
Hell: Depths:1 Depths:2
Abyss: Depths:2
Pandemonium: Depths:1 Depths:3
Ziggurat: Depths:3

Annotations:
D:5 1 runed door
Lair:5 1 runed door
Lair:6 exclusion: oklob plant
Snake:3 Vashnia
Snake:4 2 transporters, Potteusyxu's ghost, adept MiBe
Elf:2 3 runed doors
Depths:2 2 runed doors
Depths:3 exclusions: 2 daevas and 6 more exclusions


Innate Abilities, Weirdness & Mutations

You are too large for most types of armour.
You have claws for hands.
You are clumsy. (Dex -2)
Your metabolism is lightning-fast.
You like to eat raw meat.
Your natural rate of healing is unusually fast.
You are covered in fur. (AC +1)
You have very tough skin. (AC +2)
You cannot drink potions while threatened.
You cannot be stealthy.
You cannot study or use magical devices.
You are somewhat inexperienced. (-2 XL)


Message History

* * * LOW HITPOINT WARNING * * *
You focus your will and illuminate the deep troll earth mage in retribution!
The deep troll bites you!!
* * * LOW HITPOINT WARNING * * *
The deep troll claws you but does no damage.
The deep troll claws you!
* * * LOW HITPOINT WARNING * * *
The iron troll bites you but does no damage.
The iron troll claws you!
* * * LOW HITPOINT WARNING * * *
You focus your will and illuminate the iron troll in retribution!
The iron troll claws you.
* * * LOW HITPOINT WARNING * * *
The deep troll shaman begins to pray, but is stunned by your will!
The deep troll earth mage bites you but does no damage.
The deep troll earth mage claws you but does no damage.
The deep troll earth mage claws you!
* * * LOW HITPOINT WARNING * * *
The stone giant hits you!
You die...

..................#.....#.#######
#.#.#######.#.###+#...#.....# #
#.#.........#.# #......##.#####
#.8#8#8.8#8#8.# #..#...##.##...
#.............# #..#...##....##
###################.#....#######.
.. .......................#. ##
.###.#.T.T...#..######.#.
#..T@T..##..# #.#. ###.CTT..#...#
#... ##....GT#.#.#.# ###.
#>......#...#.# #.
#...^[..#....># #.
....#..†..#.....# #.
#####.##..#.#.#.# #.
#.##..#.#.#.########. .
#.........#<.........


You could see an iron troll, a stone giant, a great orb of eyes, 2 deep trolls,
2 deep troll earth magi and 2 deep troll shamans.

Vanquished Creatures
  A juggernaut (Depths:2)
  Boris (Vaults:4)
  2 tentacled monstrosities
  Jorgrun (Swamp:3)
  A lich (Depths:3)
  Asterion (Snake:4)
  2 deep elf blademasters (Elf:3)
  2 deep elf master archers (Elf:3)
  Roxanne (Snake:1)
  A storm dragon (Vaults:3)
  3 sphinxes
  2 thorn hunters
  A tengu reaver (Depths:3)
  6 fire giants
  8 nagarajas
  9 frost giants
  10 vault wardens
  4 deep elf sorcerers
  A balrug (Depths:2)
  Louise (Snake:3)
  4 deep elf elementalists (Elf:3)
  2 orc warlords
  7 ironheart preservers
  A spriggan defender (Depths:2)
  An entropy weaver (Vaults:3)
  9 deep elf demonologists
  7 very ugly things
  15 stone giants
  Azrael (Snake:3)
  10 deep elf annihilators
  3 green deaths
  10 ettins
  2 blizzard demons
  2 deep elf death magi (Elf:3)
  Josephine (Lair:5)
  2 deep elf high priests (Elf:3)
  4 fire dragons
  4 great orbs of eyes
  Erolcha (D:11)
  15 yaktaur captains
  6 rakshasas
  Harold (D:9)
  19 hydras
  A shambling mangrove (Swamp:3)
  7 ice dragons
  A spriggan air mage (Depths:1)
  7 vault guards
  A two-headed ogre (shapeshifter) (Elf:3)
  14 anacondas
  18 naga warriors
  A catoblepas (Lair:6)
  17 two-headed ogres
  10 dancing weapons
  17 alligators
  4 tengu warriors
  11 centaur warriors
  A queen ant (Lair:2)
  3 death knights
  2 deep troll shamans
  6 ogre magi
  2 deep troll earth magi
  5 shock serpents
  5 orc high priests
  8 death yaks (Lair:6)
  2 spriggan berserkers (Depths:2)
  2 thrashing horrors (Swamp:4)
  Nergalle (D:11)
  9 naga sharpshooters
  A shock serpent (shapeshifter) (Depths:2)
  17 deep elf knights
  11 spriggans
  A storm dragon zombie (Vaults:3)
  An iron troll (Depths:3)
  18 hell knights
  4 salamander mystics
  6 skeletal warriors (Vaults:2)
  2 glowing orange brains
  12 ironbrand convokers
  8 deep trolls
  A lindwurm (Lair:6)
  3 unseen horrors
  An unseen horror (shapeshifter) (Vaults:4)
  A sea snake (Snake:3)
  8 naga ritualists
  2 wolf spider zombies
  23 orc knights
  16 deep elf archers
  8 swamp dragons
  A spriggan druid (Swamp:3)
  An orange crystal statue (Depths:1)
  A phantasmal warrior (D:15)
  10 wizards
  7 wolf spiders
  4 necromancers
  5 mana vipers
  5 orc sorcerers
  44 deep elf magi
  44 ugly things
  A mana viper (shapeshifter) (Vaults:3)
  19 salamanders
  2 manticores
  A salamander (shapeshifter) (Depths:3)
  6 cyclopes
  9 elephants (Lair:6)
  A sphinx skeleton (Vaults:2)
  A fire giant skeleton (Vaults:2)
  33 black mambas
  2 ice statues (IceCv)
  A guardian serpent (shapeshifter) (Depths:2)
  A black mamba (shapeshifter) (Vaults:1)
  24 naga magi
  A smoke demon (Depths:2)
  3 guardian serpents
  12 vault sentinels
  A frost giant skeleton (Vaults:1)
  A gargoyle (D:15)
  3 orange demons
  4 kobold demonologists (Depths:2)
  12 spiny frogs
  43 yaktaurs
  7 komodo dragons
  2 efreet (D:15)
  18 rime drakes
  6 freezing wraiths
  A hellwing (Depths:2)
  A meliai (shapeshifter) (Vaults:2)
  12 ice devils
  A jumping spider (shapeshifter) (Elf:1)
  2 tengu conjurers
  9 trolls
  3 meliai (D:12)
  A polar bear (shapeshifter) (Vaults:1)
  15 tyrant leeches
  A hornet (shapeshifter) (Depths:2)
  16 hornets
  2 polar bears
  17 bog bodies
  18 blink frogs
  11 dream sheep (Lair:6)
  7 hippogriffs
  18 slime creatures
  A fire giant simulacrum (Vaults:3)
  6 air elementals
  A human (shapeshifter) (Vaults:1)
  4 shadows
  3 ynoxinuls (Depths:2)
  3 water elementals
  4 wyverns
  38 yaks
  5 fire elementals
  A yak (shapeshifter) (Elf:3)
  5 wraiths
  2 basilisks (D:11)
  21 humans
  2 hogs (D:10)
  5 steam dragons (Lair:6)
  8 vampire mosquitoes
  2 hungry ghosts
  38 nagas
  13 swamp worms
  7 soldier ants (Lair:2)
  20 insubstantial wisps
  A human zombie (Vaults:3)
  12 wargs
  2 acid dragons
  11 water moccasins
  A floating eye (Depths:1)
  A hell hound (Snake:3)
  63 orc warriors
  8 porcupines
  8 sky beasts
  5 swamp drakes
  5 black bears
  3 ice beasts
  4 phantoms
  A fire dragon simulacrum (Vaults:1)
  A necrophage (D:6)
  21 ogres
  14 wolves
  2 boggarts (Vaults:3)
  9 human skeletons
  20 centaurs
  8 crocodiles
  A big kobold (D:12)
  20 bullfrogs
  An earth elemental (Elf:1)
  A wyvern zombie (D:13)
  3 yaktaur skeletons
  3 scorpions
  3 small abominations
  An elf simulacrum (Vaults:1)
  6 killer bees
  2 human simulacra (Vaults:1)
  11 wights
  2 howler monkeys
  4 electric eels
  5 crimson imps
  A quasit (D:6)
  A bullfrog zombie (D:6)
  4 centaur zombies
  22 orc priests
  6 hounds
  4 jellies
  2 iguanas
  A bullfrog skeleton (D:6)
  6 centaur skeletons
  A gnoll shaman (D:8)
  30 orc wizards
  44 worker ants
  7 hell rats (Lair:6)
  2 howler monkey zombies
  5 gnolls (D:8)
  A worker ant zombie (D:7)
  A howler monkey skeleton (D:6)
  17 adders
  6 shadow imps
  8 white imps (IceCv)
  8 ufetubi (IceCv)
  3 adder skeletons
  A worm (D:3)
  3 dart slugs
  7 leopard geckos
  128 orcs
  3 bat zombies (D:8)
  6 giant cockroaches
  3 goblins
  4 hobgoblins
  11 jackals
  7 quokkas
  11 bats
  9 frilled lizards
  A giant cockroach zombie (D:5)
  A jackal skeleton (D:6)
  13 kobolds
  2 quokka skeletons
  7 rats
  A rat zombie (D:8)
  A briar patch (Swamp:3)
  A bush (Lair:6)
  A butterfly (D:5)
  11 fungi
  8 plants (Lair:6)
1827 creatures vanquished.

Vanquished Creatures (others)
  A deep elf annihilator (Elf:3)
  A hydra (Swamp:2)
  2 two-headed ogres (Vaults:1)
  A hell knight (Depths:2)
  A deep troll (Vaults:3)
  2 black mambas
  A naga mage (Snake:3)
  A rime drake (Lair:6)
  A yaktaur (Vaults:3)
  A troll (shapeshifter) (D:13)
  A human skeleton (Vaults:2)
  A blink frog (Lair:6)
  A slime creature (Swamp:4)
  A hog (D:10)
  2 swamp worms
  A warg (Orc:1)
  A soldier ant (shapeshifter) (Vaults:4)
  2 orc warriors
  2 ogres
  A boggart (Vaults:3)
  2 centaurs (Vaults:1)
  2 white imps (IceCv)
  2 ufetubi (IceCv)
  5 orcs
  A kobold (D:12)
  2 briar patches
  30 fungi
  47 plants
116 creatures vanquished.

Grand Total: 1943 creatures vanquished

Notes
Turn   | Place    | Note
-------+----------+-------------------------------------------
     0 | D:1      | sking99 the Troll Monk began the quest for the Orb.
     0 | D:1      | Reached XP level 1. HP: 22/22 MP: 0/0
   211 | D:1      | Reached XP level 2. HP: 29/29 MP: 1/1
   842 | D:2      | Reached XP level 3. HP: 36/36 MP: 2/2
   864 | D:2      | Reached skill level 1 in Shields
  1043 | D:2      | Found a radiant altar of Vehumet.
  1390 | D:3      | Found a sacrificial altar of Ru.
  1420 | D:3      | Became a worshipper of Ru the Awakened
  1433 | D:3      | Gained mutation: You cannot study or use magical devices.
                  | [Ru sacrifice]
  1433 | D:3      | Reached * piety under Ru
  1433 | D:3      | Reached ** piety under Ru
  1494 | D:3      | Reached XP level 4. HP: 44/44 MP: 3/3
  1655 | D:3      | Found a glowing golden altar of the Shining One.
  2023 | D:4      | Found a deep blue altar of Sif Muna.
  2079 | D:4      | Reached XP level 5. HP: 45/52 MP: 4/4
  2582 | D:4      | Noticed an ogre
  2594 | D:4      | Killed an ogre
  2594 | D:4      | Reached XP level 6. HP: 33/59 MP: 5/5
  2994 | D:5      | Entered Level 5 of the Dungeon
  3145 | D:5      | Reached skill level 5 in Unarmed Combat
  3351 | D:5      | Gained mutation: You are somewhat inexperienced. (-2 XL)
                  | [Ru sacrifice]
  3351 | D:5      | Reached XP level 5. HP: 52/52 MP: 4/4
  3351 | D:5      | Reached XP level 4. HP: 44/44 MP: 3/3
  3351 | D:5      | Reached *** piety under Ru
  3351 | D:5      | Reached **** piety under Ru
  3407 | D:5      | Reached XP level 5. HP: 25/52 MP: 4/4
  3701 | D:5      | Found a runed door.
  3724 | D:5      | Found a blossoming altar of Fedhas.
  3791 | D:5      | Noticed a sky beast
  3803 | D:5      | Killed a sky beast
  3803 | D:5      | Reached skill level 5 in Shields
  3803 | D:5      | Reached XP level 6. HP: 59/59 MP: 5/5
  4310 | D:5      | Found a runed door.
  4486 | D:5      | Reached XP level 7. HP: 60/66 MP: 6/6
  4747 | D:6      | Reached XP level 8. HP: 74/74 MP: 7/7
  5304 | D:6      | Found an ornate altar of the Wu Jian Council.
  5387 | D:6      | Found a sparkling altar of Nemelex Xobeh.
  5436 | D:6      | Reached XP level 9. HP: 79/79 MP: 8/8
  5791 | D:7      | Got a pitted copper ring
  5793 | D:7      | Found a staircase to the Ecumenical Temple.
  5801 | Temple   | Entered the Ecumenical Temple
  5803 | Temple   | Gained mutation: You cannot drink potions while threatened.
                  | [Ru sacrifice]
  5803 | Temple   | Reached ***** piety under Ru
  5899 | D:7      | Found an iron altar of Okawaru.
  6007 | D:7      | Found a glowing silver altar of Zin.
  6203 | D:7      | Found a hazy altar of Hepliaklqana.
  6233 | D:7      | Found a bloodstained altar of Trog.
  6366 | D:7      | Found a runed door.
  6680 | D:7      | Reached skill level 3 in Fighting
  6790 | D:7      | Found a roughly hewn altar of Beogh.
  7217 | D:8      | Noticed a two-headed ogre
  7234 | D:8      | Killed a two-headed ogre
  7234 | D:8      | Reached skill level 4 in Fighting
  7234 | D:8      | Reached XP level 10. HP: 65/92 MP: 9/9
  7282 | D:8      | Identified the ring of Asaotist {+Blink rElec rF- SInv
                  | Stlth+} (You found it on level 7 of the Dungeon)
  7444 | D:8      | Reached skill level 10 in Unarmed Combat
  7595 | D:8      | Found a shimmering altar of Xom.
  7723 | D:8      | Gained mutation: You are clumsy. (Dex -2) [Ru sacrifice]
  8260 | D:8      | Found an ancient bone altar of Kikubaaqudgha.
  8393 | D:9      | Learned a level 1 spell: Confusing Touch
  8497 | D:9      | Reached skill level 5 in Fighting
  8501 | D:9      | Found a stormy altar of Qazlal.
  8544 | D:9      | Noticed Harold
  8547 | D:9      | Noticed a two-headed ogre
  8564 | D:9      | Killed a two-headed ogre
  8569 | D:9      | Killed Harold
  8721 | D:9      | Reached skill level 6 in Fighting
  8806 | D:9      | Found a staircase to the Orcish Mines.
  8964 | D:9      | Found a roughly hewn altar of Beogh.
  9218 | D:10     | Entered Level 10 of the Dungeon
  9533 | D:10     | Reached XP level 11. HP: 82/106 MP: 10/10
  9779 | D:10     | Gained mutation: You cannot be stealthy. [Ru sacrifice]
  9779 | D:10     | Reached ****** piety under Ru
  9820 | D:10     | Noticed a wizard
  9826 | D:10     | Killed a wizard
  9826 | D:10     | Reached skill level 7 in Fighting
  9856 | D:10     | Identified the Collected Works on Sinister Displacement
  9932 | D:10     | Noticed an unseen horror
  9945 | D:10     | Killed an unseen horror
 10241 | D:11     | Found a staircase to the Lair.
 10404 | D:11     | Noticed Erolcha
 10411 | D:11     | Killed Erolcha
 10411 | D:11     | Reached skill level 8 in Fighting
 10763 | D:11     | Noticed Nergalle
 10790 | D:11     | Killed Nergalle
 10945 | Lair:1   | Entered Level 1 of the Lair of Beasts
 10979 | Lair:1   | Noticed an eight-headed hydra
 11240 | Lair:1   | Killed an eight-headed hydra
 11240 | Lair:1   | Reached skill level 9 in Fighting
 12199 | Lair:2   | Reached skill level 10 in Fighting
 12263 | Lair:2   | Found a staircase to the Snake Pit.
 12357 | Lair:2   | Reached XP level 12. HP: 95/125 MP: 11/11
 13154 | Lair:2   | Noticed a queen ant
 13160 | Lair:2   | Killed a queen ant
 13160 | Lair:2   | Reached skill level 11 in Fighting
 13625 | Lair:3   | Reached skill level 5 in Dodging
 13913 | Lair:3   | Noticed an eight-headed hydra
 13917 | Lair:3   | Killed an eight-headed hydra
 14592 | Lair:4   | Reached skill level 10 in Dodging
 14736 | Lair:4   | You fall through a shaft for 2 floors!
 14736 | Lair:6   | Entered Level 6 of the Lair of Beasts
 14736 | Lair:6   | Noticed a deep troll shaman
 14736 | Lair:6   | Noticed a death yak
 14739 | Lair:6   | Killed a deep troll shaman
 14739 | Lair:6   | Noticed a death yak
 14745 | Lair:6   | Noticed a death yak
 14747 | Lair:6   | Noticed a death yak
 14748 | Lair:6   | Killed a death yak
 14754 | Lair:6   | Killed a death yak
 14761 | Lair:6   | Noticed a catoblepas
 14770 | Lair:6   | Killed a death yak
 14770 | Lair:6   | Reached XP level 13. HP: 41/136 MP: 6/12
 15067 | Lair:6   | Reached skill level 1 in Armour
 15159 | Lair:6   | Noticed a fire dragon
 15166 | Lair:6   | Killed a fire dragon
 15559 | Lair:6   | Reached skill level 12 in Fighting
 15606 | Lair:6   | Reached skill level 5 in Armour
 15847 | Lair:6   | Reached XP level 14. HP: 97/149 MP: 13/13
 16492 | Lair:5   | Noticed Josephine
 16513 | Lair:5   | Killed Josephine
 17037 | Lair:5   | Found a runed door.
 17038 | Lair:5   | Found a viscous altar of Jiyva.
 17038 | Lair:5   | Found a staircase to the Slime Pits.
 17038 | Lair:5   | Noticed an acid blob
 17039 | Lair:5   | Noticed an acid blob
 17436 | Lair:4   | Found a staircase to the Swamp.
 18603 | D:12     | Reached skill level 13 in Fighting
 20653 | D:14     | Found a gate to the Vaults.
 20997 | D:15     | Entered Level 15 of the Dungeon
 21097 | D:15     | Reached XP level 15. HP: 161/161 MP: 14/14
 21108 | D:15     | Reached skill level 14 in Fighting
 21376 | D:15     | Found a staircase to the Depths.
 21882 | Orc:1    | Entered Level 1 of the Orcish Mines
 21924 | Orc:1    | Found Mopon's Food Emporium.
 22140 | Orc:2    | Entered Level 2 of the Orcish Mines
 22144 | Orc:2    | Noticed an orc warlord
 22181 | Orc:2    | Killed an orc warlord
 22184 | Orc:2    | Found Mikekiek's General Store.
 22368 | Orc:2    | Noticed an orc warlord
 22412 | Orc:1    | Killed an orc warlord
 22645 | Orc:2    | Found Userres's Antique Armour Shop.
 22776 | Orc:2    | Reached skill level 15 in Unarmed Combat
 22815 | Orc:2    | Found a staircase to the Elven Halls.
 23059 | Orc:2    | Found Marur's Jewellery Emporium.
 23084 | Orc:2    | Found Paagadonk's Antique Weapon Emporium.
 23426 | Orc:2    | Bought an embroidered hat for 231 gold pieces
 23426 | Orc:2    | Bought a runed hat for 231 gold pieces
 23592 | Snake:1  | Entered Level 1 of the Snake Pit
 23849 | Snake:1  | Found Ihin's Book Shop.
 23851 | Snake:1  | Found Yreavipe's Magic Scroll Boutique.
 23853 | Snake:1  | Found Toon's Jewellery Shop.
 23863 | Snake:1  | Bought a scroll of acquirement for 676 gold pieces
 23924 | Snake:1  | Reached skill level 15 in Fighting
 24380 | Snake:1  | Reached XP level 16. HP: 149/175 MP: 12/15
 24490 | Snake:1  | Identified Roxanne's Handbook of Transmigration
 24490 | Snake:1  | Noticed Roxanne
 24601 | Snake:1  | Killed Roxanne
 26111 | Snake:3  | Noticed Azrael
 26732 | Snake:3  | Noticed Vashnia
 26832 | Snake:3  | Noticed Louise
 26841 | Snake:3  | Killed Louise
 26841 | Snake:3  | Reached skill level 16 in Fighting
 26889 | Snake:3  | Killed Azrael
 27368 | Snake:4  | Entered Level 4 of the Snake Pit
 27877 | Snake:4  | Found a transporter.
 27881 | Snake:4  | Noticed Potteusyxu's ghost (adept MiBe)
 28076 | Snake:3  | Got heavily runed fire dragon scales
 28077 | Snake:3  | Identified the +7 fire dragon scales of Contentment {+Fly
                  | rElec rF++ rC- Int+4} (You acquired it on level 3 of the
                  | Snake Pit)
 28115 | Snake:4  | Reached XP level 17. HP: 151/187 MP: 12/16
 28227 | Snake:4  | Found a transporter.
 28426 | Snake:4  | Reached skill level 10 in Shields
 28531 | Snake:4  | Identified the +2 shield "Qaoqynnu" {Str+4}
 28531 | Snake:4  | Noticed Asterion
 28559 | Snake:4  | Killed Asterion
 29078 | Snake:4  | Got a serpentine rune of Zot
 29331 | Swamp:1  | Entered Level 1 of the Swamp
 29354 | Swamp:1  | Reached skill level 17 in Fighting
 31270 | Swamp:3  | Noticed Jorgrun
 31291 | Swamp:3  | Killed Jorgrun
 31411 | Swamp:3  | Reached XP level 18. HP: 193/200 MP: 17/17
 31725 | Swamp:3  | Found a basalt altar of Yredelemnul.
 31860 | Swamp:3  | Got a faintly humming cloak
 31862 | Swamp:3  | Identified the cursed +0 cloak of the Vacuum {Dex+8} (You
                  | found it on level 3 of the Swamp)
 32121 | Swamp:4  | Entered Level 4 of the Swamp
 32588 | Swamp:4  | Noticed a tentacled monstrosity
 32595 | Swamp:4  | Killed a tentacled monstrosity
 32630 | Swamp:4  | Reached skill level 18 in Fighting
 33132 | Swamp:4  | Got a decaying rune of Zot
 33759 | Vaults:1 | Entered Level 1 of the Vaults
 35196 | Vaults:2 | Reached XP level 19. HP: 189/213 MP: 16/18
 35874 | Vaults:2 | Reached skill level 19 in Fighting
 36393 | Vaults:2 | Found a staircase to the Crypt.
 36842 | Vaults:3 | Found Gakouro's Book Boutique.
 37165 | Vaults:3 | Reached skill level 15 in Shields
 37646 | Vaults:3 | Reached XP level 20. HP: 218/226 MP: 19/19
 38796 | Snake:1  | Bought the ring "Yplickiam" {*Slow rC+++ AC+5 Str+7 Int-2}
                  | for 1620 gold pieces
 39781 | Vaults:4 | Reached skill level 20 in Fighting
 40518 | Vaults:4 | Noticed Boris
 40535 | Vaults:4 | Killed Boris
 40887 | Vaults:5 | Entered Level 5 of the Vaults
 41161 | Elf:1    | Entered Level 1 of the Elven Halls
 41163 | Elf:1    | Got a translucent hat
 41164 | Elf:1    | Identified the +1 hat "Epromm" {*Corrode rF++ Str+4} (You
                  | acquired it on level 1 of the Elven Halls)
 41352 | Elf:1    | Found a frozen archway.
 41374 | IceCv    | Entered an ice cave
 41810 | Orc:2    | Bought an uncursed ring of protection from magic for 400
                  | gold pieces
 42685 | Elf:2    | Found Tystrya's Jewellery Shop.
 42746 | Elf:2    | Found Qeomon's General Store.
 42808 | Elf:2    | Found a runed gate.
 42808 | Elf:2    | Found a runed gate.
 42810 | Elf:2    | Found a runed gate.
 42824 | Elf:2    | Found Cuizag's Jewellery Emporium.
 42856 | Elf:2    | Found a deep blue altar of Sif Muna.
 43025 | Elf:2    | Found Kiob's Armour Emporium.
 43106 | Elf:3    | Entered Level 3 of the Elven Halls
 43178 | Elf:3    | Reached XP level 21. HP: 236/239 MP: 18/20
 44122 | Elf:3    | Identified the +9 great sword of Ru {venom, *Corrode rPois
                  | rF+ Dex+10}
 44586 | Elf:3    | Found the +0 sword of Power
 44608 | Elf:3    | Identified the Collected Works on Assistive Bewitchment
 44623 | Elf:3    | Got a faintly glowing hat
 44633 | Elf:3    | Identified the +2 hat "Ril Enec" {rPois rF+++ Str-3 Int-3}
                  | (You found it on level 3 of the Elven Halls)
 44982 | Depths:1 | Entered Level 1 of the Depths
 46047 | Depths:1 | Found a one-way gate leading to the halls of Pandemonium.
 46077 | Depths:1 | Found a gateway to Hell.
 46871 | Depths:2 | Found a runed door.
 46937 | Depths:2 | Noticed a juggernaut
 46948 | Depths:2 | Killed a juggernaut
 47029 | Depths:2 | Reached skill level 10 in Armour
 47427 | Depths:2 | Reached XP level 22. HP: 245/247 MP: 19/21
 47439 | Depths:2 | Found a one-way gate to the infinite horrors of the Abyss.
 47555 | Depths:2 | Found a runed door.
 47572 | Depths:2 | Found a runed door.
 47701 | Depths:2 | Found a burning altar of Makhleb.
 47993 | Depths:2 | Got fine gold dragon scales
 47994 | Depths:2 | Identified the +1 gold dragon scales of Ypoapl Doent {+Inv
                  | rPois rF+ rC+ Regen+ Str-5 Dex+2} (You found it on level 2
                  | of the Depths)
 48478 | Depths:3 | Found a gateway to a ziggurat.
 48804 | Depths:3 | HP: 11/247 [iron troll (3)]
 48804 | Depths:3 | Slain by a stone giant

Vault maps used:
D:1:      matt_arrival_spirals
D:2:      vehumet_crystals, first_ration
D:3:      old_standard_altar, tso_metal_star
D:4:      lemuel_round_altar
D:5:      lemuel_insect_pit, fedhas_altar_3
D:6:      nemelex_xobeh_ov_fountains_minmay, kennysheep_mini, grunt_potential
D:7:      kennysheep_mini_moat, bloody_trog, overflow_temple_1_default,
          nicolae_overflow_hidden_temple, minmay_temple_entry_metal_lava,
          lightli_church_of_beogh
D:8:      lemuel_round_altar, lemuel_zombie_altar_kikubaaqudgha
D:9:      lemuel_doored_altar, minmay_orc_entry_temple_small, uniq_harold
D:10:     grunt_livestock, minmay_librarian
D:11:     minmay_lair_entry_grove, chequers_mini_garden,
          kennysheep_generic_room_14, uniq_nergalle, uniq_erolcha
D:12:     minivault_23
D:13:     kennysheep_generic_room_4
D:14:     grunt_vaults_entry_tiered
D:15:     grunt_enter_depths_snipers
Temple:   dpeg_three_leaves_temple
Lair:2:   minmay_snake_entry_guardpost_small, zaba_antful_of_joy
Lair:3:   grunt_megastairs_4
Lair:4:   swamp_mist, grunt_megastairs_5
Lair:5:   slime_altar_2, uniq_josephine
Lair:6:   grunt_lair_end_beastmaster, bobbens_dragon_lair_wall
Swamp:1:  hangedman_swamp_pad, swamp_pool1, hangedman_swamp_wriggling
Swamp:2:  hangedman_swamp_ruin_wall
Swamp:3:  evilmike_swamp_ruin_house_5, swamp_pool3, grunt_ruined_hall,
          uniq_jorgrun
Swamp:4:  swamp_vile, swamp_pool2
Snake:1:  minmay_snake_river, serial_bayou_crossing, grunt_megastairs_2,
          minmay_shop_star, uniq_roxanne
Snake:3:  serial_bayou_shore_b, lemuel_fruit_tree, serial_bayou_shore_a,
          uniq_azrael, uniq_vashnia, uniq_louise
Snake:4:  snake_pit, gammafunk_ghost_arena, uniq_asterion
Orc:1:    serial_shops, shop
Orc:2:    grunt_orc_gardens, grunt_orc_garden, grunt_orc_garden,
          grunt_orc_garden, grunt_orc_garden
Elf:1:    minmay_elf_arrival_plus, portal_ice_cave_entry_pillars_2,
          evilmike_minifort, minivault_14
Elf:2:    basic_altar, serial_shops, shop,
          nicolae_shop_competitors_out_of_business, nicolae_shop_statue_plus,
          shop, spider_trap, minmay_strange_pillars, lemuel_elevator
Elf:3:    elf_hall_gauntlet_narrow
Vaults:1: hangedman_vaults_stagger, v_misc_5, hangedman_vaults_corner_blocks,
          v_misc_30, nicolae_vaults_stairing_the_circle,
          nicolae_vaults_little_squares_2, vaults_dpeg_cross,
          ontoclasm_vaults_twist, v_misc_27, vaults_room_large_hall,
          ontoclasm_vaults_eye, nicolae_vaults_little_squares_1,
          vaults_mumra_lcd
Vaults:2: minmay_crypt_entry_skeletal_spiral, nicolae_vaults_network_square,
          ontoclasm_vaults_gallery, ontoclasm_vaults_ligature, v_rooms_1,
          ontoclasm_vaults_pinch, vaults_room_pool,
          nicolae_vaults_specimen_jars, nicolae_vaults_hallways_thing,
          nicolae_vaults_network_quinsquares, ontoclasm_vaults_ring_square,
          nicolae_vaults_gold_heap, v_pattern_4, vaults_room_pools
Vaults:3: ontoclasm_vaults_idyll, nicolae_vaults_sealed_display,
          nicolae_vaults_lopsided_apartments, grunt_vaults_diagonal,
          hangedman_vaults_variations, v_misc_19, v_misc_24,
          nicolae_vaults_little_squares_2, nicolae_vaults_network_star,
          vaults_mumra_chevron, ontoclasm_vaults_ring_small,
          vaults_room_door_hall, v_misc_22, nicolae_vaults_asterisk,
          serial_shops, shop
Vaults:4: v_rooms_2, vaults_mumra_hexcomb, v_misc_33, v_pattern_2,
          nicolae_vaults_little_squares_2, v_misc_27,
          grunt_vaults_hallway_short, dpeg_vaults_monster_box,
          vaults_room_semicircle, uniq_boris
Depths:1: pan_entry, serial_glass, glass_columns_a, glass_columns_a,
          pf_hell_entry_great_geh, bh_walls_and_bars, nrook_uturn,
          minmay_misc_feat_columns, minivault_16, roderic_three_in_a_row,
          serial_sigils_hangedman_carve, onia_ninara_cookie
Depths:2: evilmike_makhleb_hellhole, abyss_entry, interstate_on_off,
          hangedman_coc_ice_floe, minmay_st_funbox, infiniplex_staircase_pool_2
Depths:3: wad_arrow_thing, enter_ziggurat_d, pan_entry,
          grunt_hell_entry_dis_old, minmay_misc_feat_tiny
IceCv:    ice_cave_small_demon

Skill      XL: |  1  2  3  4  5  6  7  8  9 10 11 12 13 14 15 16 17 18 19 20 21 22 |
---------------+-------------------------------------------------------------------+-----
Shields        | 1 2 5 4 6 8 9 12 13 15 16 | 16.0
Unarmed Combat | 4 5 6 7 9 11 12 13 15 16 17 19 | 19.7
Fighting       | 4 6 10 11 12 13 15 16 17 18 19 20 | 20.8
Stealth        | 0 |  0.0
Dodging        | 11 | 11.8
Armour         | 6 10 11 | 11.3

Action                   |  1- 3 |  4- 6 |  7- 9 | 10-12 | 13-15 | 16-18 | 19-21 | 22-24 || total
-------------------------+-------+-------+-------+-------+-------+-------+-------+-------++-------
Melee: Unarmed           |   114 |   184 |   281 |   682 |  1567 |  1605 |  1938 |   206 ||  6577
       Punch             |     1 |       |       |       |       |       |       |       ||     1
       Whip              |       |       |       |     4 |       |       |       |       ||     4
 Cast: Confusing Touch   |       |       |       |       |     4 |       |       |       ||     4
Invok: Sacrifice Artific |     1 |       |       |       |       |       |       |       ||     1
       Sacrifice Experie |       |     1 |       |       |       |       |       |       ||     1
       Power Leap        |       |       |     2 |     2 |     4 |     2 |     1 |       ||    11
       Apocalypse        |       |       |     1 |     5 |     5 |     5 |     3 |     1 ||    20
       Sacrifice Drink   |       |       |     1 |       |       |       |       |       ||     1
       Draw Out Power    |       |       |       |     1 |     1 |       |     1 |       ||     3
       Sacrifice Purity  |       |       |       |     1 |       |       |       |       ||     1
       Sacrifice Stealth |       |       |       |     1 |       |       |       |       ||     1
  Use: Scroll            |       |     3 |       |    20 |    12 |     8 |     7 |    11 ||    61
       Potion            |       |       |       |       |       |       |     1 |       ||     1
 Stab: Sleeping          |     6 |     6 |     1 |     5 |       |       |       |       ||    18
       Paralysed         |       |       |     1 |     7 |    25 |    21 |     7 |     3 ||    64
       Distracted        |       |       |       |     5 |    13 |    13 |    10 |     1 ||    42
       Invisible         |       |       |       |     4 |    20 |    26 |     6 |       ||    56
       Confused          |       |       |       |       |     1 |       |       |       ||     1
  Eat: Chunk             |    19 |    18 |    35 |    68 |    92 |    88 |   111 |    11 ||   442
       Ration            |       |       |       |       |       |     3 |     1 |       ||     4
Armor: Robe              |    45 |    53 |    37 |    93 |     2 |       |       |       ||   230
       Troll leather arm |       |       |       |       |   235 |    71 |       |       ||   306
       Fire dragon scale |       |       |       |       |       |   286 |   299 |    19 ||   604
       Gold dragon scale |       |       |       |       |       |       |       |    87 ||    87
Dodge: Dodged            |    39 |    34 |    48 |   157 |   577 |   436 |   346 |    44 ||  1681
Block: Shield            |    29 |    54 |   102 |   286 |   691 |   119 |       |       ||  1281
       Large shield      |       |       |       |       |       |   917 |  1166 |   178 ||  2261

Table legend:
 A = Non-vault XP
 B = Vault XP
 C = Vault XP percentage of total XP
 D = Non-vault monster count
 E = Vault monster count
 F = Vault count percentage of total count
                 A         B        C        D         E       F
            +---------+---------+-------+---------+---------+-------
      Total |  430153 |  332015 |  43.6 |    1188 |     637 |  34.9
            +---------+---------+-------+---------+---------+-------
        D:1 |      39 |       0 |   0.0 |      22 |       0 |   0.0
        D:2 |      21 |       0 |   0.0 |      16 |       0 |   0.0
        D:3 |      80 |       0 |   0.0 |      24 |       0 |   0.0
        D:4 |     390 |       0 |   0.0 |      17 |       0 |   0.0
        D:5 |     569 |     378 |  39.9 |      13 |      12 |  48.0
        D:6 |    1182 |    1475 |  55.5 |      32 |      14 |  30.4
        D:7 |     389 |     621 |  61.5 |      10 |      25 |  71.4
        D:8 |    1844 |       7 |   0.4 |      25 |       4 |  13.8
        D:9 |    2922 |    1475 |  33.5 |      25 |      13 |  34.2
       D:10 |    1623 |    1582 |  49.4 |      20 |       6 |  23.1
       D:11 |     348 |    3905 |  91.8 |       6 |      16 |  72.7
       D:12 |    5638 |       0 |   0.0 |      42 |       0 |   0.0
       D:13 |    7439 |      33 |   0.4 |      46 |       1 |   2.1
       D:14 |    4007 |    7405 |  64.9 |      19 |      25 |  56.8
       D:15 |   15509 |    2301 |  12.9 |      44 |       3 |   6.4
     Lair:1 |    2989 |       0 |   0.0 |      17 |       0 |   0.0
     Lair:2 |    2236 |    3188 |  58.8 |      15 |      34 |  69.4
     Lair:3 |    6274 |     368 |   5.5 |      23 |       3 |  11.5
     Lair:4 |    5576 |     591 |   9.6 |      22 |       2 |   8.3
     Lair:5 |    1401 |    1470 |  51.2 |       6 |       3 |  33.3
     Lair:6 |   16233 |   14447 |  47.1 |      53 |      39 |  42.4
    Swamp:1 |    9284 |    1779 |  16.1 |      25 |       7 |  21.9
    Swamp:2 |   13517 |       0 |   0.0 |      32 |       0 |   0.0
    Swamp:3 |   22631 |    8806 |  28.0 |      47 |      13 |  21.7
    Swamp:4 |    8398 |   20735 |  71.2 |      25 |      29 |  53.7
    Snake:1 |   13650 |   10058 |  42.4 |      27 |      22 |  44.9
    Snake:2 |    9237 |       0 |   0.0 |      19 |       0 |   0.0
    Snake:3 |   29014 |    4615 |  13.7 |      58 |       8 |  12.1
    Snake:4 |   16162 |   32056 |  66.5 |      28 |      45 |  61.6
      Orc:1 |    6414 |    1599 |  20.0 |      38 |       3 |   7.3
      Orc:2 |    3732 |    9538 |  71.9 |      27 |      27 |  50.0
      Elf:1 |   11004 |    8906 |  44.7 |      22 |      17 |  43.6
      Elf:2 |   11773 |    1478 |  11.2 |      20 |       2 |   9.1
      Elf:3 |    9828 |   44703 |  82.0 |      15 |      31 |  67.4
   Vaults:1 |   26490 |   11464 |  30.2 |      51 |      29 |  36.2
   Vaults:2 |   31397 |   34152 |  52.1 |      64 |      49 |  43.4
   Vaults:3 |   39469 |   16754 |  29.8 |      72 |      27 |  27.3
   Vaults:4 |   25628 |   24163 |  48.5 |      52 |      34 |  39.5
   Depths:1 |   19840 |   17069 |  46.2 |      25 |      20 |  44.4
   Depths:2 |   28379 |   32679 |  53.5 |      26 |      37 |  58.7
   Depths:3 |   17597 |    7069 |  28.7 |      18 |       7 |  28.0
      IceCv |       0 |    5146 | 100.0 |       0 |      30 | 100.0
            +---------+---------+-------+---------+---------+-------
